cohdb
Replays
Latest Replays
All Replays
Popular Replays
Top Player Replays
Match Explorer
How It Works
Community
CoH3 Stats
Reddit
Sign in to upload your games and track your stats! →
Sign in with Steam
Match 42475114
Unlisted
Match 42475114
Overview
Messages
Build Orders
End
Royal Engineer Section
Construct Section Command Post
Infantry Section
Infantry Section
Selects Canadian Shock Battlegroup
Vickers Machine Gun Team
Selects Attacking Spirit
Selects Canadian Shock Section
Grenade Package
Canadian Shock Section
Selects Incendiary Munitions
Construct Platoon Command Post
6-pounder Anti-tank Gun Team
Humber Armored Car
Selects Pyrotechnics
Construct Field Infirmary
BIOHAZARD
desertBeliever
0
0
Comments
sign in to comment!
No comments posted yet!